 Dungeon Crawl Stone Soup version 0.31-a0-182-gc5ef74bbde (webtiles) character file.

Game seed: 2762157813965701377

3397 Moral the Grave Robber (level 9, -6/71 HPs)
             Began as a Demonspawn Monk on June 20, 2023.
             Was an Initiate of Yredelemnul.
             Killed from afar by a wight (11 damage)
             ... with a puff of flame
             ... on level 7 of the Dungeon.
             The game lasted 00:17:28 (6631 turns).

Moral the Grave Robber (Demonspawn Monk)            Turns: 6631, Time: 00:17:28

Health: -6/71      AC:  5    Str: 22    XL:     9   Next: 75%
Magic:  12/12      EV: 16    Int: 11    God:    Yredelemnul [......]
Gold:   348        SH:  0    Dex: 22    Spells: 8/8 levels left

rFire   . . .        l - +9 whip "Okoxekhla" {pain, Str+6}
rCold   . . .        d - orb {light}
rNeg    . . .        b - +0 robe
rPois   .            (helmet restricted)
rElec   .            (no cloak)
rCorr   .            (no gloves)
SInv    .            B - +0 pair of boots
Will    .....        (no amulet)
Stlth   +            k - +6 ring of dexterity
HPRegen 0.31/turn    h - ring of wizardry
MPRegen 0.13/turn

%: wizardry (x1)
@: about to teleport, hasted, glowing, very quick
A: antennae 2, icy blue scales 1, ignite blood 1
a: Renounce Religion, Recall Undead Harvest


You were on level 7 of the Dungeon.
You worshipped Yredelemnul.
Yredelemnul was noncommittal.
You visited 1 branch of the dungeon, and saw 7 of its levels.
You also visited: Sewer.

You collected 348 gold pieces.

Inventory:

Hand Weapons
 l - the +9 whip "Okoxekhla" (weapon) {pain, Str+6}
   (You found it on level 2 of the Dungeon)

   Str:       It affects your strength (+6).
Armour
 b - a +0 robe (worn)
 d - an orb of light (worn)
 B - a +0 pair of boots (worn)
Jewellery
 h - a ring of wizardry (right hand)
 k - a +6 ring of dexterity (left hand)
Wands
 A - a wand of acid (7)
Scrolls
 e - 2 scrolls of identify
 i - 4 scrolls of teleportation
 j - a scroll of revelation {unknown}
 o - a scroll of noise {unknown}
 p - 4 scrolls of amnesia {unknown}
 r - 4 scrolls of enchant weapon {unknown}
 u - 2 scrolls of poison {unknown}
 v - a scroll of fog {unknown}
 y - 3 scrolls of immolation {unknown}
 C - a scroll of enchant armour {unknown}
Potions
 a - a potion of heal wounds {unknown}
 c - 3 potions of invisibility {unknown}
 f - a potion of haste
 g - a potion of brilliance {unknown}
 m - 2 potions of lignification {unknown}
 n - 3 potions of curing {unknown}
 q - 3 potions of enlightenment {unknown}
 s - a potion of attraction {unknown}
 t - 4 potions of cancellation {unknown}
 w - 3 potions of magic {unknown}
 x - 4 potions of mutation {unknown}
 z - a potion of might {unknown}


   Skills:
 + Level 6.4 Fighting
 - Level 3.0 Long Blades
 * Level 7.0 Maces & Flails
 + Level 5.8 Dodging
 + Level 7.8 Necromancy
 * Level 4.7 Invocations


You had 8 spell levels left.
You didn't know any spells.
Your spell library contained the following spells:

 Spells                   Type           Power      Damage    Failure   Level
 Vampiric Draining        Necr           17%        2d7       1%          3
 Shock                    Conj/Air       0%         1d3       14%         1
 Sting                    Tmut/Pois      0%         1d3       14%         1
 Summon Small Mammal      Summ           0%         N/A       14%         1
 Blink                    Tloc           0%         N/A       21%         2
 Lesser Beckoning         Tloc           0%         N/A       21%         2
 Momentum Strike          Conj/Tloc      0%         3d8       21%         2
 Call Canine Familiar     Summ           0%         N/A       38%         3
 Frozen Ramparts          Ice            0%         1d1       38%         3
 Summon Guardian Golem    Hex/Summ       0%         N/A       38%         3
 Swiftness                Air            0%         N/A       38%         3
 Airstrike                Air            0%         2d(0-16)  77%         4
 Ice Form                 Ice/Tmut       0%         N/A       77%         4
 Summon Ice Beast         Ice/Summ       0%         N/A       77%         4
 Haunt                    Necr/Summ      4%         N/A       100%        7


Dungeon Overview and Level Annotations

Branches:
Dungeon (7/15)             Temple (0/1) D:6           Sewer (visited)

Altars:
Nemelex Xobeh
Yredelemnul

Shops:
D:2 =*?


Innate Abilities, Weirdness & Mutations

You have a pair of antennae on your head.
You are partially covered in icy blue scales. (AC +2)
Your demonic aura sometimes causes spilled blood to erupt in flames.


Message History

The wight is heavily damaged.
Your kobold zombie hits the wight but does no damage.
The wight hits you with a +2 dire flail of freezing!
The wight freezes you.
You whack the wight!
You destroy the wight!
Your Maces & Flails skill increases to level 7!
Unknown command.
You swap places.
Your killer bee zombie is engulfed in blazing flames. x2
You start resting.
Your killer bee zombie is engulfed in blazing flames.
Your killer bee zombie is engulfed in blazing flames.
You destroy your killer bee zombie!
Your kobold zombie hits the wight.
You hit the wight.
The wight is heavily damaged.
Your kobold zombie closely misses the wight.
You hit the wight.
The wight is almost destroyed.
The wight hits you with a +2 hand axe!
* * * LOW HITPOINT WARNING * * *
The wight completely misses you.
Your kobold zombie hits the wight but does no damage.
You whack the wight!
You destroy the wight!
The wight hits your kobold zombie with a +2 scimitar!
Your kobold zombie is destroyed!
The wight zaps a wand.
The puff of flame hits you!
* * * LOW HITPOINT WARNING * * *
You barely miss the wight.
As you read the scroll of teleportation, it crumbles to dust.
You feel strangely unstable. The wight completely misses you.
The wight hits you with a +0 morningstar.
* * * LOW HITPOINT WARNING * * *
Things that are here:
a +2 hand axe; a +0 robe You feel yourself speed up.
The wight zaps a wand.
The puff of flame hits you!
You die...
Your body rises from the dead as a mindless zombie.

#......#....###..#
##..#.###..#.#....#
#...#......#....#.# ##
#.###..#.###..#.#.##.#
###......#......#.#.##.##
#....#.###..#.###...#...##
#....#......#z)..zz......## #
##..###..#.###z##..).......##.
#........#...@.###.Z).........
#....#.###.##### ####z........
#....#.....# #..........
#..###.##### #....###......
#......# ...... #..#...
#.###### ...........)...
#.....# #......##......
#####.# ...### #...... ...
#......


You could see 2 wights.

Vanquished Creatures
  Joseph (D:7)
  Eustachio (D:4)
  A water moccasin (D:5)
  3 sky beasts
  4 black bears
  4 phantoms
  4 kobold brigands
  2 scorpions (D:4)
  Blork the orc (D:6)
  7 wights
  6 killer bees (D:7)
  3 hounds
  4 orc priests (D:4)
  3 jellies
  6 iguanas
  A sleepcap (D:6)
  3 orc wizards
  2 killer bee zombies (D:7)
  8 adders
  3 gnolls (D:4)
  3 river rats (Sewer)
  A white imp (D:6)
  2 ufetubi
  8 orcs
  13 endoplasms
  5 giant cockroaches
  6 goblins
  5 hobgoblins
  6 jackals
  8 quokkas
  10 ball pythons
  6 bats
  A frilled lizard (D:2)
  38 kobolds
  A kobold zombie (D:5)
  An orc zombie (D:6)
  27 rats
208 creatures vanquished.

Vanquished Creatures (collateral kills)
  A white imp (D:5)
  2 kobolds (D:5)
3 creatures vanquished.

Vanquished Creatures (others)
  4 killer bee zombies (D:7)
  A spectral white imp (D:6)
  2 kobold zombies (D:7)
7 creatures vanquished.

Grand Total: 218 creatures vanquished

Notes
Turn   | Place    | Note
-------+----------+-------------------------------------------
     0 | D:1      | Moral the Demonspawn Monk began the quest for the Orb.
     0 | D:1      | Reached XP level 1. HP: 18/18 MP: 1/1
   167 | D:1      | Gained mutation: You are partially covered in icy blue
                  | scales. (AC +2) [demonic ancestry]
   167 | D:1      | Reached XP level 2. HP: 20/24 MP: 2/2
   312 | D:1      | Found a faded altar of an unknown god.
   585 | D:2      | Found Higogguj's Jewellery Shop.
   609 | D:2      | Identified the +9 whip "Okoxekhla" {pain, Str+6}
   754 | D:2      | Reached XP level 3. HP: 29/29 MP: 3/3
   774 | D:2      | Found Ticreiz's Magic Scroll Shop.
   876 | D:2      | Found Gimuesk's General Store.
   983 | D:2      | Reached skill level 1 in Necromancy
  1007 | D:2      | Reached skill level 1 in Maces & Flails
  1397 | D:3      | Gained mutation: Your demonic aura sometimes causes spilled
                  | blood to erupt in flames. [demonic ancestry]
  1397 | D:3      | Reached XP level 4. HP: 23/35 MP: 4/4
  2013 | D:4      | Noticed a black bear
  2265 | D:3      | Killed a black bear
  2266 | D:3      | Reached XP level 5. HP: 21/42 MP: 5/5
  2381 | D:4      | Gained mutation: You have a pair of small antennae on your
                  | head. [demonic ancestry]
  2381 | D:4      | Reached XP level 6. HP: 43/48 MP: 6/6
  2474 | D:4      | Got Piut's Atlas of Necromancy and Effluvium
  2529 | D:4      | Found a glowing drain.
  2531 | D:4      | Noticed Eustachio
  2540 | D:4      | Killed Eustachio
  2541 | D:4      | Reached XP level 7. HP: 39/55 MP: 7/7
  2559 | Sewer    | Entered a sewer
  3404 | D:4      | Reached skill level 5 in Necromancy
  3663 | D:4      | Reached XP level 8. HP: 58/61 MP: 8/8
  3899 | D:5      | Entered Level 5 of the Dungeon
  3993 | D:5      | Reached skill level 5 in Fighting
  4088 | D:5      | Found a sparkling altar of Nemelex Xobeh.
  4088 | D:5      | Found a basalt altar of Yredelemnul.
  4119 | D:5      | Became a worshipper of Yredelemnul the Dark
  4119 | D:5      | Reached * piety under Yredelemnul
  4119 | D:5      | Reached ** piety under Yredelemnul
  4695 | D:5      | Reached *** piety under Yredelemnul
  4719 | D:5      | Reached skill level 5 in Maces & Flails
  5203 | D:6      | Noticed Blork the orc
  5208 | D:6      | Killed Blork the orc
  5209 | D:6      | Reached skill level 5 in Dodging
  5345 | D:6      | Gained mutation: You have a pair of antennae on your head.
                  | [demonic ancestry]
  5345 | D:6      | Reached XP level 9. HP: 36/66 MP: 9/9
  5711 | D:6      | Reached skill level 1 in Invocations
  5817 | D:6      | Found a staircase to the Ecumenical Temple.
  6198 | D:7      | Noticed Joseph
  6517 | D:7      | Killed Joseph
  6631 | D:7      | Killed from afar by a wight

Illustrated notes

Levels and vault maps discovered:
D:1:      lemuel_arrival_behind_the_door_large, layout_basic,
          shapermc_ecumenical_altar_gd
D:2:      layout_basic, serial_shops, nicolae_shop_hallway_plus, shop,
          nicolae_shop_crystal, minmay_randomly_rotated_circles
D:3:      layout_basic
D:4:      layout_loops_ring, gup_sewer_entry_glass, uniq_eustachio
D:5:      layout_gridville, gammafunk_temple_overflow_claw, serial_rivers,
          chequers_serial_rivers_small_3, chequers_serial_rivers_room_b,
          chequers_serial_rivers_large_b, chequers_serial_rivers_room_a,
          chequers_serial_rivers_small_3, chequers_serial_rivers_micro_d
D:6:      layout_loops_ring, minmay_temple_entry_wispy, uniq_blork_the_orc
D:7:      layout_cave_pools, kennysheep_little_box, enter_bailey_2,
          hangedman_decor_points, uniq_menkaure, uniq_joseph

Skill      XL: |  1  2  3  4  5  6  7  8  9 |
---------------+----------------------------+-----
Long Blades    | 3 |  3.0
Dodging        | 3 4 5 |  5.8
Necromancy     | 1 2 3 4 5 7 |  7.8
Maces & Flails | 1 2 3 4 5 7 |  7.0
Fighting       | 4 5 6 |  6.4
Invocations    | 4 |  4.7

Action                     |  1- 3 |  4- 6 |  7- 9 || total
---------------------------+-------+-------+-------++-------
  Melee: Falchion          |    46 |       |       ||    46
         Whip              |    46 |    51 |   277 ||   374
    Use: Potion            |       |     3 |     2 ||     5
         Scroll            |       |       |     4 ||     4
   Stab: Sleeping          |       |     1 |       ||     1
         Distracted        |       |       |     1 ||     1
 Armour: Robe              |    18 |    28 |    47 ||    93
  Dodge: Dodged            |    68 |    77 |   198 ||   343

Table legend: (Time is in decaauts)
 A = Elapsed time spent in this place.
 B = Non-inter-level travel time spent in this place.
 C = Inter-level travel time spent in this place.
 D = Time resting spent in this place.
 E = Time spent auto-exploring this place.
 F = Levels seen in this place.
 G = Mean time per level.
                   A        B        C        D        E       F      G
               +--------+--------+--------+--------+--------+-----+--------+
         Total |   6635 |   6485 |    150 |    718 |   4633 |   8 |  829.4 |
       Dungeon |   5988 |   5838 |    150 |    612 |   4291 |   7 |  855.4 |
         Sewer |    647 |    647 |      0 |    106 |    341 |   1 |  647.0 |
               +--------+--------+--------+--------+--------+-----+--------+

Top non-repeatable levels by time:
     D:5: 1252 daAuts
     D:3: 1186 daAuts
     D:6: 1056 daAuts
     D:4: 1003 daAuts
   Sewer: 647 daAuts
     D:1: 590 daAuts
     D:2: 483 daAuts
     D:7: 415 daAuts
